 Dungeon Sprint DCSS version 0.27.1-33-g824d729ab1 (webtiles) character file.

Game seed: 9840855870155432586

22 Adenis the Covert (level 2, -1/22 HPs)
             Began as a Vampire Brigand on Dec 3, 2021.
             Slain by a sky beast (6 damage)
             ... in the Dungeon (Sprint I: "Red Sonja").
             The game lasted 00:00:30 (23 turns).

Adenis the Covert (Vampire Brigand)                   Turns: 23, Time: 00:00:31

Health: -1/22      AC:  3    Str: 10    XL:     2   Next: 68%
Magic:  2/2        EV: 12    Int: 13    God:
Gold:   0          SH:  0    Dex: 15    Spells: 1/1 levels left

rFire    . . .     SeeInvis +   a - +2 dagger
rCold    . . .     Faith    .   (no shield)
rNeg     . . .     Spirit   .   b - +0 robe
rPois    .         Reflect  .   (no helmet)
rElec    .         Harm     .   c - +0 cloak
rCorr    .         Rampage  .   (no gloves)
Will     .....     NoTele   +   (no boots)
Stlth    ++++......             (no amulet)
HPRegen  0.27/turn              (no ring)
MPRegen  0.08/turn              (no ring)

@: healing quickly
A: alive, fangs 3, see invisible, vampiric 1
a: Exsanguinate


You were in the Dungeon.
You visited 1 branch

Inventory:

Hand Weapons
 a - a +2 dagger (weapon)
Missiles
 d - 8 poisoned darts (quivered)
 e - 2 curare-tipped darts
Armour
 b - a +0 robe (worn)
 c - a +0 cloak (worn)
Wands
 l - a wand of polymorph (7)
Scrolls
 k - a scroll of blinking
Potions
 f - 2 potions of curing
 g - a potion of heal wounds
 h - a potion of haste
 i - 2 potions of magic
 j - a potion of berserk rage


   Skills:
 + Level 2.2 Fighting
 + Level 2.7 Short Blades
 + Level 2.0 Throwing
 + Level 1.2 Dodging
 + Level 9.4 Stealth


You had one spell level left.
You didn't know any spells.
Your spell library was empty.

Dungeon Overview and Level Annotations

Branches:
Dungeon (1/1)

Altars:


Innate Abilities, Weirdness & Mutations

Your natural rate of healing is accelerated.
You have razor-sharp teeth.
You have supernaturally acute eyesight. (SInv)
You are afflicted with vampirism.


Message History

Aim: an ogre, wielding a +0 giant club (will become a scorpion, a sky beast, or a boggart, chance to affect: 46%)
The ogre evaporates and reforms as a sky beast!
The sky beast barely misses you.
You hit the sky beast.
The sky beast is moderately wounded.
The sky beast barely misses you.
You hit the sky beast.
The sky beast is moderately wounded.
You hit the sky beast. You bite the sky beast.
The sky beast is heavily wounded.
The sky beast hits you. The sky beast shocks you.
You hit the sky beast but do no damage.
The sky beast is heavily wounded.
The sky beast flickers out of sight for a moment.
The sky beast misses you.
You completely miss the sky beast.
The sky beast is heavily wounded.
The sky beast barely misses you.
You closely miss the sky beast.
The sky beast is heavily wounded.
The sky beast barely misses you.
You hit the sky beast. Your bite misses the sky beast.
The sky beast is heavily wounded.
The sky beast flickers out of sight for a moment.
The sky beast hits you but does no damage.
You hit the sky beast but do no damage.
The sky beast is heavily wounded.
The sky beast hits you. The sky beast shocks you.
* * * LOW HITPOINT WARNING * * *
You hit the sky beast but do no damage.
The sky beast is heavily wounded.
The sky beast hits you but does no damage.
You hit the sky beast but do no damage. Your bite misses the sky beast.
The sky beast is heavily wounded.
You closely miss the sky beast.
The sky beast is heavily wounded.
The sky beast hits you.
* * * LOW HITPOINT WARNING * * *
The sky beast shocks you.
You die...

##########
#<.#.@Y..#
#..'..#..+
#..#####+#
#..# #..#
#..# #⌠⌠#
####


You could see a sky beast (invisible).

Vanquished Creatures
  Ijyb (D)
1 creature vanquished.

Notes
Turn   | Place    | Note
-------+----------+-------------------------------------------
     0 | D        | Adenis the Vampire Brigand began the quest for the Orb.
     0 | D        | Reached XP level 1. HP: 16/16 MP: 1/1
     2 | D        | Noticed Ijyb
     6 | D        | Killed Ijyb
     7 | D        | Reached skill level 9 in Stealth
     7 | D        | Reached XP level 2. HP: 22/22 MP: 2/2
     9 | D        | Noticed an ogre
    12 | D        | Noticed a sky beast
    12 | D        | an ogre changed into a sky beast
    23 | D        | Slain by a sky beast

Illustrated notes

Levels and vault maps discovered:
D:        dungeon_sprint_1 [red_sonja_temple_1, red_sonja_temple_small_1]

Skill      XL: |  1 |
---------------+----+-----
Fighting       | 2 |  2.2
Throwing       | 2 |  2.0
Stealth        | 9 |  9.4
Short Blades   | |  2.7
Dodging        | |  1.2

Action                   || total
-------------------------++-------
Melee: Dagger            ||    12
       Bite              ||     1
Evoke: Wand              ||     1
 Stab: Sleeping          ||     1
Armor: Robe              ||     2
Dodge: Dodged            ||     6
